 Dungeon Crawl Stone Soup version 0.29.1-12-g30fa7ad0bf (webtiles) character file.

Game seed: 16160785934701404115

523 ssalbiz the Basher (level 7, -6/57 HPs)
             Began as a Meteoran Fighter on Jan 16, 2023.
             Mangled by Pikel
             ... wielding a +1 whip of freezing
              (9 damage)
             ... on level 3 of the Dungeon.
             The game lasted 00:07:58 (2489 turns).

ssalbiz the Basher (Meteoran Fighter)               Turns: 2489, Time: 00:07:59

Health: -6/57      AC:  8    Str: 19    XL:     7   Next: 75%
Magic:  8/8        EV: 11    Int: 11    God:
Gold:   208        SH:  5    Dex: 19    Spells: 6/6 levels left

rFire   . . .      SeeInvis .   a - +0 flail
rCold   . . .      Faith    .   c - +0 buckler
rNeg    . . .      Spirit   .   b - +0 scale mail
rPois   .          Reflect  .   (no helmet)
rElec   .          Harm     .   (no cloak)
rCorr   .          Rampage  .   l - +0 pair of gloves
Will    .....                   (no boots)
Stlth   ..........              (no amulet)
HPRegen 0.19/turn               s - +6 ring of dexterity
MPRegen 0.11/turn               (no ring)

@: glowing
A: sense surroundings 1, otherworldly, glowing, explore regen
a: no special abilities


You were on level 3 of the Dungeon.
You visited 1 branch of the dungeon, and saw 4 of its levels.
You also visited: Ossuary.

You collected 208 gold pieces.

Inventory:

Hand Weapons
 a - a +0 flail (weapon)
Armour
 b - a +0 scale mail (worn)
 c - a +0 buckler (worn)
 l - a +0 pair of gloves (worn)
 r - the +1 leather armour "Vopta" {Dex+4}
   (You found it on level 3 of the Dungeon)

   Dex:       It affects your dexterity (+4).
Jewellery
 s - a +6 ring of dexterity (left hand)
Scrolls
 d - 2 scrolls of enchant weapon {unknown}
 f - 3 scrolls of immolation {unknown}
 g - a scroll of vulnerability {unknown}
 h - 2 scrolls of blinking {unknown}
 j - 3 scrolls of identify {unknown}
 m - a scroll of magic mapping {unknown}
 n - 2 scrolls of silence {unknown}
 o - a scroll of amnesia {unknown}
 u - a scroll of teleportation {unknown}
 w - a scroll of fear {unknown}
 x - a scroll of enchant armour {unknown}
Potions
 e - 4 potions of flight {unknown}
 i - 2 potions of brilliance {unknown}
 k - 3 potions of curing {unknown}
 p - 4 potions of degeneration {unknown}
 q - 3 potions of heal wounds {unknown}
 t - 2 potions of invisibility {unknown}
 v - a potion of mutation {unknown}


   Skills:
 - Level 3.2 Fighting
 + Level 9.3 Maces & Flails
 - Level 3.6 Armour
 - Level 3.0 Dodging
 - Level 0.4 Stealth
 - Level 3.6 Shields


You had 6 spell levels left.
You didn't know any spells.
Your spell library contained the following spells:

 Spells                   Type           Power      Damage    Failure   Level
 Static Discharge         Conj/Air       0%         3-3/arc   90%         2
 Lightning Bolt           Conj/Air       0%         1d11      100%        5
 Maxwell's Capacitive Co  Air            0%         ∞         100%        8


Dungeon Overview and Level Annotations

Branches:
Dungeon (4/15) Zot: 158   Ossuary (visited)
 Temple: D:4-7

Altars:
Cheibriados
Gozag
Kikubaaqudgha
Uskayaw

Annotations:
D:3 Pikel


Innate Abilities, Weirdness & Mutations

You passively map a small area around you.
You are easily found by Zot.
You glow in the dark.
You regain HP and MP as you explore.


Message History

Pikel freezes you. Pikel attacks as you move away!
Pikel hits you but does no damage. Pikel attacks as you move away!
Pikel misses you. Pikel attacks as you move away!
Pikel hits you with a +1 whip of freezing.
Pikel freezes you.
The lemure shouts!
Pikel says, "I knew I should've brought a map."
Pikel attacks as you move away! Pikel barely misses you.
There is a stone staircase leading up here.
Pikel barely misses you.
You climb upwards.
There is a stone staircase leading down here.
Pikel attacks as you move away! Pikel closely misses you.
Pikel attacks as you move away!
Pikel hits you with a +1 whip of freezing.
* * * LOW HITPOINT WARNING * * *
Pikel freezes you.
* * * LOW HITPOINT WARNING * * *
Pikel attacks as you move away!
Pikel hits you with a +1 whip of freezing.
* * * LOW HITPOINT WARNING * * *
Pikel freezes you.
* * * LOW HITPOINT WARNING * * *
Pikel attacks as you move away!
Pikel hits you with a +1 whip of freezing!
* * * LOW HITPOINT WARNING * * *
Pikel freezes you.
* * * LOW HITPOINT WARNING * * *
Pikel attacks as you move away! Pikel closely misses you.
Pikel attacks as you move away!
Pikel hits you with a +1 whip of freezing.
* * * LOW HITPOINT WARNING * * *
Pikel freezes you.
* * * LOW HITPOINT WARNING * * *
Pikel attacks as you move away! You block Pikel's attack.
Pikel attacks as you move away! Pikel closely misses you.
Pikel attacks as you move away!
Pikel hits you with a +1 whip of freezing!
You die...

#.##.....##.# ##..##
#.####.####.####..#
#...........##....#
####.#.#######..###
#...# #...# ##.##
#.#.# # #..# #.#.#
#########
#<########...#
#........
#.##....@K..##
##.#######
#.##.######.# #..#
### ##.##.# ##.#
#.######.. #.....#
#..# #.###....#
#....## ##.##
#...†.#### #....#
#..# #..####
#...######.######.##
# #...#
#.......##..# ##
#...#
#.......##>########.


You could see Pikel.

Vanquished Creatures
  An ice beast (D:4)
  2 lemures (D:4)
  An elf zombie (Ossuary)
  A centaur zombie (Ossuary)
  A human zombie (Ossuary)
  A jelly (D:4)
  2 orc wizards (D:4)
  2 mummies (Ossuary)
  3 gnolls (D:2)
  2 adders
  4 adder zombies (Ossuary)
  2 worms
  7 dart slugs
  6 orcs (D:4)
  7 ball pythons
  12 endoplasms
  4 giant cockroaches
  4 goblins
  4 hobgoblins
  6 kobolds
  5 quokkas
  4 bats
  2 frilled lizards
  3 goblin zombies (Ossuary)
  9 hobgoblin zombies (Ossuary)
  2 jackal zombies (Ossuary)
  8 kobold zombies (Ossuary)
  8 orc zombies (Ossuary)
  12 rats
125 creatures vanquished.

Notes
Turn   | Place    | Note
-------+----------+-------------------------------------------
     0 | D:1      | ssalbiz the Meteoran Fighter began the quest for the Orb.
     0 | D:1      | Reached XP level 1. HP: 19/19 MP: 2/2
    53 | D:1      | Reached skill level 3 in Maces & Flails
   114 | D:1      | Reached XP level 2. HP: 26/26 MP: 3/3
   259 | D:1      | Reached skill level 4 in Maces & Flails
   304 | D:1      | Reached XP level 3. HP: 24/31 MP: 4/4
   486 | D:1      | Glimpsed the power of Zot.
   536 | D:1      | Glimpsed the power of Zot.
   864 | D:2      | Reached XP level 4. HP: 38/38 MP: 5/5
   907 | D:2      | Reached skill level 5 in Maces & Flails
   994 | D:2      | Reached skill level 1 in Dodging
  1008 | D:2      | Reached XP level 5. HP: 37/45 MP: 6/6
  1073 | D:2      | Glimpsed the power of Zot.
  1123 | D:2      | Glimpsed the power of Zot.
  1144 | D:3      | Found a hide-covered altar of Uskayaw.
  1178 | D:3      | Found a snail-covered altar of Cheibriados.
  1209 | D:3      | Reached skill level 6 in Maces & Flails
  1268 | D:3      | Identified the +1 leather armour "Vopta" {Dex+4}
  1311 | D:3      | Identified the +2 mace of the Rescuing Shark {chaos, rPois
                  | rCorr Stlth+}
  1667 | D:2      | Glimpsed the power of Zot.
  1740 | D:4      | Found a sand-covered staircase.
  1799 | D:4      | Noticed an ice beast
  1805 | D:4      | Killed an ice beast
  1806 | D:4      | Reached skill level 7 in Maces & Flails
  1806 | D:4      | Reached XP level 6. HP: 38/51 MP: 7/7
  1828 | Ossuary  | Entered an ossuary
  1969 | Ossuary  | Reached skill level 8 in Maces & Flails
  1969 | Ossuary  | Reached XP level 7. HP: 24/57 MP: 8/8
  2128 | D:4      | Found an ancient bone altar of Kikubaaqudgha.
  2139 | D:4      | Found an opulent altar of Gozag.
  2290 | D:4      | Reached skill level 9 in Maces & Flails
  2413 | D:4      | Noticed Pikel
  2483 | D:3      | HP: 2/57 [Pikel/+1 whip of freezing (3)]
  2489 | D:3      | Mangled by Pikel

Illustrated notes

Levels and vault maps discovered:
D:1:      shiori_arrival_oz, layout_loops_cross, minivault_19
D:2:      layout_basic, serial_curves, eino_curves_03, eino_curves_04,
          hangedman_decor_slide_cut, dreamdust_princess_corridor, uniq_sigmund
D:3:      layout_rooms, mainiacjoe_overflow_small_starburst, old_standard_altar
D:4:      layout_loops_cross, amethyst_overflow_temple_binary,
          nicolae_ossuary_entry_false_entrances, gammafunk_ghost_cemetery,
          uniq_pikel

Skill      XL: |  1  2  3  4  5  6  7 |
---------------+----------------------+-----
Maces & Flails | 3 4 5 7 8 9 |  9.3
Dodging        | 1 2 3 |  3.0
Fighting       | |  3.2
Armour         | |  3.6
Stealth        | |  0.4
Shields        | |  3.6

Action                   |  1- 3 |  4- 6 |  7- 9 || total
-------------------------+-------+-------+-------++-------
Melee: Flail             |    84 |   163 |   123 ||   370
  Use: Potion            |       |     1 |       ||     1
Armor: Scale mail        |    50 |    70 |    42 ||   162
Dodge: Dodged            |    30 |    56 |    41 ||   127
Block: Buckler           |    29 |    33 |    19 ||    81
